 Dungeon Crawl Stone Soup version 0.30-a0-21-g5d08c37080 (webtiles) character file.

Game seed: 8868926736456847726

1397 Araneus the Martial Artist (level 8, -3/58 HPs)
             Began as a Demonspawn Monk on Aug 24, 2022.
             Slain by Prince Ribbit (15 damage)
             ... on level 7 of the Dungeon.
             The game lasted 00:11:23 (6759 turns).

Araneus the Martial Artist (Demonspawn Monk)        Turns: 6759, Time: 00:11:24

Health: -3/58      AC:  6    Str: 13    XL:     8   Next: 41%
Magic:  8/8        EV: 19    Int: 12    God:
Gold:   351        SH:  0    Dex: 16    Spells: 7/7 levels left

rFire   . . .      SeeInvis .      - Unarmed
rCold   . . .      Faith    .    (no shield)
rNeg    + . .      Spirit   .    l - +1 robe {rN+}
rPois   .          Reflect  .    (no helmet)
rElec   .          Harm     .    g - +2 cloak
rCorr   .          Rampage  .    (gloves unavailable)
Will    .....                    (no boots)
Stlth   ++........               (no amulet)
HPRegen 0.19/turn                (no ring)
MPRegen 0.11/turn                (no ring)

@: agile
A: claws 3, powered by pain 1
a: no special abilities


You were on level 7 of the Dungeon.
You visited 1 branch of the dungeon, and saw 7 of its levels.
You also visited: Sewer.

You collected 351 gold pieces.

Inventory:

Armour
 g - a +2 cloak (worn)
 l - a +1 robe of positive energy (worn)
Wands
 m - a wand of roots (6)
Scrolls
 a - 2 scrolls of enchant weapon {unknown}
 j - a scroll of teleportation
 k - 2 scrolls of blinking
Potions
 b - 2 potions of ambrosia
 c - a potion of berserk rage
 d - 4 potions of heal wounds
 e - 6 potions of flight
 f - a potion of brilliance
 h - a potion of might
 i - a potion of haste
 n - a potion of lignification {unknown}
 p - a potion of curing {unknown}


   Skills:
 - Level 3.0 Fighting
 + Level 5.1 Dodging
 - Level 1.7 Stealth
 * Level 9.0 Unarmed Combat


You had 7 spell levels left.
You didn't know any spells.
Your spell library contained the following spells:

 Spells                   Type           Power      Damage    Failure   Level
 Foxfire                  Conj/Fire      0%         2x1d4     32%         1
 Blink                    Tloc           0%         N/A       45%         2
 Conjure Flame            Conj/Fire      0%         6-21      69%         3
 Ignite Poison            Fire/Tmut/Pois 0%         N/A       69%         3
 Inner Flame              Hex/Fire       0%         N/A       69%         3
 Flame Wave               Conj/Fire      0%         2d4       97%         4
 Sticky Flame             Conj/Fire      0%         2d3       97%         4
 Manifold Assault         Tloc           0%         N/A       100%        5
 Storm Form               Tmut/Air       0%         N/A       100%        7


Dungeon Overview and Level Annotations

Branches:
Dungeon (7/15)              Sewer (visited)
 Temple: D:4-7

Altars:
Hepliaklqana
Nemelex Xobeh

Shops:
D:5 (

Annotations:
D:7 Prince Ribbit


Innate Abilities, Weirdness & Mutations

You have claws for hands.
You sometimes gain a little power by taking damage.


Message History

You scratch Prince Ribbit.
Prince Ribbit is severely wounded.
Prince Ribbit barely misses you.
You scratch Prince Ribbit.
Prince Ribbit is severely wounded.
Prince Ribbit completely misses you.
You closely miss Prince Ribbit.
Prince Ribbit is severely wounded.
Prince Ribbit blinks! x2
Prince Ribbit is nearby!
Prince Ribbit closely misses you.
You scratch Prince Ribbit.
Prince Ribbit is severely wounded.
Prince Ribbit croaks regally.
Prince Ribbit hits you!
You claw Prince Ribbit!
Prince Ribbit is almost dead.
Prince Ribbit blinks!
Prince Ribbit hits you!
You focus on the pain.
You feel agile all of a sudden.
You are too injured to fight recklessly!
You are too injured to fight recklessly!
You are too injured to fight recklessly!
You completely miss Prince Ribbit.
Prince Ribbit is almost dead.
Prince Ribbit hits you.
You closely miss Prince Ribbit.
Prince Ribbit is almost dead.
Prince Ribbit closely misses you.
You scratch Prince Ribbit but do no damage.
Prince Ribbit is almost dead.
Prince Ribbit blinks!
Prince Ribbit blinks!
Prince Ribbit catches a baby bat with his tongue.
Prince Ribbit closely misses you. Prince Ribbit hits you!
* * * LOW HITPOINT WARNING * * *
You scratch Prince Ribbit.
Prince Ribbit is almost dead.
Prince Ribbit hits you!
You die...

......# #....=..#
#.....# .?.....#
##...## ......# ###.##
#...# # #.# #...#
#.##### #...# #
#.....######...####...
###.....#.............#
................@.....#
##...[..#.......F.....#
........######...####.#
.......## #...# #
.......# #...# #))..###
#./.# ##...# ....#
...### #.#.## ####


You could see Prince Ribbit.

Vanquished Creatures
  A sky beast (D:7)
  2 black bears (D:6)
  An ogre (D:4)
  A phantom (D:4)
  3 bullfrogs (D:6)
  A necrophage (D:5)
  3 scorpions
  A howler monkey (D:2)
  2 hounds
  A jelly (D:5)
  An orc priest (D:3)
  2 iguanas
  An orc wizard (D:7)
  4 gnolls
  10 adders
  4 river rats
  2 dart slugs
  12 orcs
  11 endoplasms
  5 giant cockroaches
  6 goblins
  7 hobgoblins
  13 jackals
  3 kobolds
  4 quokkas
  15 ball pythons
  14 bats
  3 frilled lizards
  2 rats
135 creatures vanquished.

Notes
Turn   | Place    | Note
-------+----------+-------------------------------------------
     0 | D:1      | Araneus the Demonspawn Monk began the quest for the Orb.
     0 | D:1      | Reached XP level 1. HP: 18/18 MP: 1/1
   292 | D:1      | Reached skill level 3 in Unarmed Combat
   413 | D:1      | Gained mutation: You have sharp fingernails. [demonic
                  | ancestry]
   413 | D:1      | Reached XP level 2. HP: 10/24 MP: 2/2
   680 | D:1      | Found a faded altar of an unknown god.
   845 | D:1      | Reached XP level 3. HP: 21/29 MP: 3/3
  1746 | D:2      | Reached skill level 4 in Unarmed Combat
  1746 | D:2      | Gained mutation: You have very sharp fingernails. [demonic
                  | ancestry]
  1746 | D:2      | Reached XP level 4. HP: 34/35 MP: 4/4
  2369 | D:3      | Gained mutation: You have claws for hands. [demonic
                  | ancestry]
  2369 | D:3      | Reached XP level 5. HP: 30/41 MP: 5/5
  2746 | D:3      | Found a sparkling altar of Nemelex Xobeh.
  3096 | D:4      | Reached skill level 5 in Unarmed Combat
  3407 | D:4      | Found a hazy altar of Hepliaklqana.
  3822 | D:4      | Noticed an ogre
  3828 | D:4      | Killed an ogre
  3829 | D:4      | Reached XP level 6. HP: 13/47 MP: 6/6
  3960 | D:4      | Reached skill level 6 in Unarmed Combat
  4399 | D:5      | Entered Level 5 of the Dungeon
  4415 | D:5      | Reached XP level 7. HP: 47/52 MP: 7/7
  4437 | D:5      | Found a glowing drain.
  4453 | Sewer    | Entered a sewer
  4794 | Sewer    | Identified the +1 pair of gloves of Inquiry {rC++}
  5324 | D:5      | Reached skill level 7 in Unarmed Combat
  5987 | D:5      | Found Dupleas's Antique Weapon Shoppe.
  6124 | D:6      | Reached skill level 8 in Unarmed Combat
  6124 | D:6      | Gained mutation: You sometimes gain a little power by
                  | taking damage. [demonic ancestry]
  6124 | D:6      | Reached XP level 8. HP: 58/58 MP: 8/8
  6314 | D:6      | Identified the +5 dagger of the Madman {antimagic, rPois}
  6453 | D:7      | Reached skill level 5 in Dodging
  6459 | D:7      | Reached skill level 9 in Unarmed Combat
  6649 | D:7      | Identified the +0 leather armour of Conscience {Fly rF- rN+
                  | Regen+}
  6733 | D:7      | Noticed Prince Ribbit
  6759 | D:7      | Slain by Prince Ribbit

Illustrated notes

Levels and vault maps discovered:
D:1:      doesnt_arrival_eight_statues, layout_loops_corners,
          shapermc_ecumenical_altar_pompeii, minmay_misc_feat_five
D:2:      layout_rooms
D:3:      layout_loops_ring, overflow_temple_1_default
D:4:      layout_loops_ring, marbit_many_paths, kennysheep_doodads,
          hangedman_decor_diamond_cutter
D:5:      layout_basic, serial_shops, kennysheep_little_box,
          cheibrodos_sewer_entry_sluice, kennysheep_another_room,
          grunt_decor_cap
D:6:      layout_rooms
D:7:      layout_loops_cross, mainiacjoe_overflow_24_doors,
          lemuel_mausoleum_altar_yredelemnul, minmay_temple_entry_hall,
          uniq_prince_ribbit1

Skill      XL: |  1  2  3  4  5  6  7  8 |
---------------+-------------------------+-----
Unarmed Combat | 3 4 5 6 8 9 |  9.0
Dodging        | 3 4 5 |  5.1
Fighting       | |  3.0
Stealth        | |  1.7

Action                   |  1- 3 |  4- 6 |  7- 9 || total
-------------------------+-------+-------+-------++-------
Melee: Unarmed           |    87 |   152 |   190 ||   429
       Punch             |     1 |     4 |     9 ||    14
  Use: Scroll            |       |    10 |     7 ||    17
 Stab: Sleeping          |     4 |     5 |     1 ||    10
       Distracted        |       |     1 |       ||     1
Armor: Robe              |    15 |    27 |    66 ||   108
Dodge: Dodged            |    69 |   117 |   165 ||   351

Table legend: (Time is in decaauts)
 A = Elapsed time spent in this place.
 B = Non-inter-level travel time spent in this place.
 C = Inter-level travel time spent in this place.
 D = Time resting spent in this place.
 E = Time spent auto-exploring this place.
 F = Levels seen in this place.
 G = Mean time per level.
                   A        B        C        D        E       F      G
               +--------+--------+--------+--------+--------+-----+--------+
         Total |   6873 |   6750 |    123 |    451 |   5208 |   8 |  859.1 |
       Dungeon |   5902 |   5779 |    123 |    291 |   4629 |   7 |  843.1 |
         Sewer |    971 |    971 |      0 |    160 |    579 |   1 |  971.0 |
               +--------+--------+--------+--------+--------+-----+--------+

Top non-repeatable levels by time:
     D:1: 1556 daAuts
     D:4: 1366 daAuts
   Sewer: 971 daAuts
     D:5: 793 daAuts
     D:3: 736 daAuts
     D:2: 722 daAuts
     D:6: 416 daAuts
     D:7: 310 daAuts
